 Dungeon Crawl Stone Soup version 0.21-a0-529-g8c7b3f5 (webtiles) character file.

338 slep the Chopper (level 6, -1/46 HPs)
             Began as a Demonspawn Gladiator on Dec 10, 2017.
             Slain by a worm (10 damage)
             ... on level 4 of the Dungeon.
             The game lasted 00:08:01 (2561 turns).

slep the Chopper (Demonspawn Gladiator)             Turns: 2561, Time: 00:08:02

Health: -1/46      AC:  7    Str: 17    XL:     6   Next: 29%
Magic:  0/6        EV: 13    Int:  9    God:
Gold:   233        SH:  0    Dex: 16    Spells: 5/5 levels left

rFire    . . .     SeeInvis .   a - +0 war axe
rCold    . . .     Gourm    .   (no shield)
rNeg     . . .     Faith    .   A - +0 ring mail "Sinagio" {-Tele rElec rPois Str+2} (curse)
rPois    +         Spirit   +   c - +0 helmet
rElec    +         Reflect  .   (no cloak)
rCorr    .         Harm     .   y - +0 pair of gloves
MR       .....     NoTele   +   (no boots)
Stlth    +.........             (no amulet)
HPRegen  0.15/turn              k - ring of wizardry
MPRegen  0.10/turn              (no ring)

@: no status effects
A: spiny 1, magic shield
a: no special abilities


You were on level 4 of the Dungeon.
You were not hungry.

You visited 1 branch of the dungeon, and saw 4 of its levels.

You collected 233 gold pieces.

Inventory:

Hand Weapons
 a - a +0 war axe (weapon)
Missiles
 d - 2 throwing nets
 e - 5 tomahawks (quivered)
 x - 8 curare-tipped needles
Armour
 b - a +0 leather armour
 c - a +0 helmet (worn)
 y - a +0 pair of gloves (worn)
 A - the cursed +0 ring mail "Sinagio" (worn) {-Tele rElec rPois Str+2}
   (You found it on level 4 of the Dungeon)

   It affects your strength (+2).
   It insulates you from electricity.
   It protects you from poison.
   It prevents most forms of teleportation.
   It has a curse placed upon it.
Jewellery
 k - a ring of wizardry (left hand)
Wands
 B - a wand of digging (13)
Scrolls
 h - 2 scrolls of immolation {unknown}
 n - a scroll of magic mapping {unknown}
 q - 4 scrolls of identify {unknown}
 s - a scroll of remove curse {unknown}
 u - 7 scrolls of teleportation {unknown}
 v - a scroll of amnesia {unknown}
Potions
 i - a potion of might {unknown}
 j - a potion of cancellation {unknown}
 l - a potion of berserk rage {unknown}
 o - a potion of agility {unknown}
 p - 2 potions of resistance {unknown}
 r - a potion of flight {unknown}
 t - a potion of degeneration {unknown}
 w - a potion of ambrosia {unknown}
 z - 2 potions of haste {unknown}
Comestibles
 f - 2 bread rations
 g - 3 meat rations
 m - 2 royal jellies


   Skills:
 + Level 2.9 Fighting
 + Level 4.8 Axes
 + Level 1.8 Throwing
 + Level 2.1 Armour
 + Level 3.6 Dodging
 + Level 0.8 Stealth


You had 5 spell levels left.
You didn't know any spells.

Dungeon Overview and Level Annotations

Branches:
Dungeon (4/15)
 Temple: D:4-7

Altars:
Trog
Vehumet

Shops:
D:4 :


Innate Abilities, Weirdness & Mutations

You are partially covered in sharp spines.
When hurt, damage is shared between your health and your magic reserves.


Message History

The worm is struck by your spines. The worm barely misses you.
The worm is struck by your spines. The worm bites you!
You barely miss the worm.
The worm is heavily wounded.
You hit the worm but do no damage. The worm barely misses you.
The worm closely misses you.
You completely miss the worm.
The worm is heavily wounded.
You completely miss the worm. The worm barely misses you. The worm bites you!
* * * LOW HITPOINT WARNING * * *
The worm completely misses you.
You barely miss the worm.
The worm is heavily wounded.
You hit the worm. The worm bites you.
* * * LOW HITPOINT WARNING * * *
The worm closely misses you.
You slash the worm!
The worm is almost dead.
You slash the worm! The worm is struck by your spines. The worm bites you!
You die...

#.........
#####.........
#....#...###'#
#.##.....###..
####'####..))....
##.......##.).....
##.........##..####
#...........#..####
#.@..###....#......
#.ww##y##...#...∩.'
#####....###....###...#
#...##.........####..##
#.<.##)..._....##......
#....##.))....##.......
#..######..)###..###..#
#'####.#######...######
#...........+.....#....


You could see a moth of wrath and 2 worms.

Vanquished Creatures
  A bullfrog (D:3)
  A howler monkey (D:4)
  An orc priest (D:4)
  2 orc wizards (D:4)
  Robin (D:2)
  4 adders
  An ooze (D:2)
  2 worms
  A dart slug (D:1)
  A leopard gecko (D:2)
  5 orcs (D:4)
  4 giant cockroaches
  11 hobgoblins
  3 jackals (D:2)
  3 quokkas
  10 bats
  3 frilled lizards
  13 goblins
  8 kobolds
  A leopard gecko skeleton (D:4)
  16 rats
92 creatures vanquished.

Notes
Turn   | Place    | Note
-------+----------+-------------------------------------------
     0 | D:1      | slep the Demonspawn Gladiator began the quest for the Orb.
     0 | D:1      | Reached XP level 1. HP: 16/16 MP: 1/1
   294 | D:1      | Gained mutation: You are partially covered in sharp spines. [demonic ancestry]
   294 | D:1      | Reached XP level 2. HP: 20/22 MP: 2/2
   302 | D:1      | Reached skill level 3 in Axes
   740 | D:1      | Reached XP level 3. HP: 26/27 MP: 3/3
   893 | D:2      | Noticed Robin
   900 | D:2      | Killed Robin
   901 | D:2      | Gained mutation: When hurt, damage is shared between your health and your magic reserves. [demonic ancestry]
   901 | D:2      | Reached XP level 4. HP: 18/34 MP: 4/4
   943 | D:2      | Reached skill level 1 in Armour
   975 | D:2      | Found a radiant altar of Vehumet.
  1683 | D:3      | Reached skill level 4 in Axes
  1830 | D:3      | Noticed a bullfrog
  1833 | D:3      | Killed a bullfrog
  1833 | D:3      | Reached XP level 5. HP: 28/39 MP: 3/5
  1998 | D:4      | Reached XP level 6. HP: 20/46 MP: 3/6
  2133 | D:4      | Found Huegikan's Book Boutique.
  2405 | D:4      | Got a bronze ring mail
  2416 | D:4      | Identified the cursed +0 ring mail "Sinagio" {-Tele rElec rPois Str+2} (You found it on level 4 of the Dungeon)
  2546 | D:4      | Noticed a moth of wrath
  2548 | D:4      | Found a bloodstained altar of Trog.
  2561 | D:4      | Slain by a worm

Vault maps used:
D:1:      matt_arrival_los_fun
D:2:      lemuel_round_altar, uniq_robin
D:4:      tgw_trog, serial_shops, shop_coins

Skill      XL: |  1  2  3  4  5 |
---------------+----------------+-----
Axes           | 3 4 |  4.8
Dodging        | 3 |  3.6
Armour         | 1 2 |  2.1
Fighting       | |  2.9
Throwing       | |  1.8
Stealth        | |  0.8

Action                   |  1- 3 |  4- 6 || total
-------------------------+-------+-------++-------
Melee: War axe           |    83 |    76 ||   159
Throw: Tomahawk          |     2 |       ||     2
       Throwing net      |     1 |       ||     1
 Stab: Sleeping          |       |     1 ||     1
  Eat: Chunk             |       |     5 ||     5
Armor: Leather armour    |    28 |    15 ||    43
       Ring mail         |       |     1 ||     1
Dodge: Dodged            |    65 |    61 ||   126

Table legend:
 A = Spawn XP
 B = Non-spawn XP
 C = Spawn XP percentage of total XP
 D = Spawn monster count
 E = Non-spawn monster count
 F = Spawn count percentage of total count
 G = Total turns spent on level
                    A         B        C        D         E        F      G
               +---------+---------+-------+---------+---------+-------+---------
         Total |       0 |     484 |   0.0 |       0 |      92 |   0.0 |  2561
               +---------+---------+-------+---------+---------+-------+---------
           D:1 |       0 |      41 |   0.0 |       0 |      27 |   0.0 |   835
           D:2 |       0 |     110 |   0.0 |       0 |      40 |   0.0 |   516
           D:3 |       0 |     111 |   0.0 |       0 |       9 |   0.0 |   600
           D:4 |       0 |     222 |   0.0 |       0 |      16 |   0.0 |   610
               +---------+---------+-------+---------+---------+-------+---------
